[Event "33rd ECCC Open 2017"]
[Site "Antalya"]
[Date "2017.10.13"]
[Round "6"]
[White "Yazici, Ugur Doga"]
[Black "Mihajlov, Sebastian"]
[Result "0-1"]
[ECO "C49"]
[WhiteElo "2213"]
[BlackElo "2393"]
[Annotator "NA"]
[PlyCount "125"]
[EventType "team-tourn"]
[EventCountry "TUR"]
[SourceTitle "playchess.com"]
[Source "ChessBase"]
[SourceQuality "1"]
[WhiteTeam "Genc"]
[BlackTeam "Oslo"]
[TimeControl "40/5400+30:1800+30"]

1. e4 e5 2. Nf3 Nc6 3. Nc3 Nf6 4. Bb5 Bb4 5. O-O O-O 6. d3 d6 7. Ne2 Ne7 8. c3 Ba5 9. Ng3 {[%emt 0:00:30] C49: Four Knights: 4 Bb5 Bb4} c6 10. Ba4 h6 (10... Ng6 11. d4 Re8 12. Bc2 Bb6 13. Be3 d5 14. dxe5 Nxe4 15. Nxe4 dxe4 16. Bxe4 Nxe5 17. Nxe5 Rxe5 18. Bxb6 Qxb6 19. Re1 Bf5 20. Bxf5 Rxf5 {½-½ (43) Wei,Y (2738)-Naiditsch,A (2712) Danzhou 2017}) 11. Re1 Ng6 12. h3 Bc7 13. d4 Be6 14. Bc2 Qd7 15. Be3 Nf4 $146 ({Predecessor:} 15... Rfe8 16. Qd2 Rad8 17. Rad1 Qe7 18. Nf5 Bxf5 19. exf5 {½-½ (73) Kalofonos,P (2089)-Zervos,L (2034) Porto Rio 2015}) 16. Bxf4 exf4 17. Ne2 g5 18. e5 Nh5 19. Qd3 f5 20. exd6 Bxd6 $16 21. Rad1 Bd5 22. Bb3 Bxb3 23. axb3 Rae8 24. b4 Rf6 25. d5 cxd5 26. Qxd5+ Qf7 27. Qxf7+ Kxf7 28. Ned4 Ng7 29. Rxe8 Nxe8 30. Ra1 Bb8 31. Ra5 Nd6 32. h4 Ne4 33. Rb5 b6 34. hxg5 hxg5 35. Rd5 Kg6 36. Rd8 Bd6 37. Nc6 a6 38. Nfd4 g4 39. Ra8 g3 40. f3 Nd2 41. Rg8+ Kh5 42. Re8 b5 43. Na5 Bc7 44. Re6 Kg6 45. Rxf6+ Kxf6 46. Ndb3 Bb6+ 47. Nc5 Ke5 48. Kh1 Bxc5 49. bxc5 Kd5 50. c6 Kd6 51. b3 Nf1 52. Kg1 Ne3 53. c4 Kc7 54. Kh1 Nc2 55. Kg1 Nd4 56. cxb5 axb5 57. Kf1 Nxc6 58. Nxc6 Kxc6 59. Ke2 Kc5 60. Kd3 Kb4 61. Kc2 Ka3 62. Kc3 Ka2 63. Kd4 0-1

[Event "33rd ECCC Open 2017"]
[Site "Antalya"]
[Date "2017.10.13"]
[Round "6"]
[White "Vea, Odin Blikra"]
[Black "Taskaya, Muhammed"]
[Result "0-1"]
[ECO "C02"]
[WhiteElo "2211"]
[BlackElo "1980"]
[Annotator "NA"]
[PlyCount "109"]
[EventType "team-tourn"]
[EventCountry "TUR"]
[SourceTitle "playchess.com"]
[Source "ChessBase"]
[SourceQuality "1"]
[WhiteTeam "Valerenga"]
[BlackTeam "Karaman"]
[TimeControl "40/5400+30:1800+30"]

1. e4 e6 2. d4 d5 3. e5 c5 4. c3 Nc6 5. Nf3 Bd7 {[%emt 0:00:00] LiveBook: 3058 Games} 6. a3 c4 7. g3 Na5 8. Nbd2 Ne7 9. Bh3 {[%emt 0:00:30] C02: French: Advance Variation} (9. h4 Nc8 10. Bh3 Nb6 11. O-O Ba4 12. Qe2 Be7 13. Ne1 Qd7 14. f4 g6 15. Ng2 O-O-O 16. Ne3 Kb8 {½-½ (64) Potapov,P (2493)-Korobov,A (2692) Doha 2016}) 9... Nc8 10. O-O Nb6 11. Ne1 Ba4 12. Qe2 Be7 13. f4 g6 14. g4 $146 ({Predecessor:} 14. Ng2 Qc7 15. g4 h5 {1-0 (29) Schoeneich,M-Boinowitz,T Germany 1987}) 14... h5 15. f5 hxg4 16. fxe6 gxh3 17. exf7+ Kf8 18. e6 Nb3 19. Nxb3 cxb3 20. Qe5 Rh7 21. Nf3 Qd6 $16 22. Ng5 Rh5 23. Nf3 Qxe5 24. Nxe5 Kg7 25. Bf4 Nc4 26. Nxc4 dxc4 27. Be5+ Rxe5 28. dxe5 Bc5+ 29. Rf2 Rd8 30. Kf1 Bc6 31. Rf4 Bd5 32. Rd1 Bg2+ 33. Ke2 Rxd1 34. Kxd1 Bd5 35. Rf6 Be7 36. f8=Q+ Bxf8 37. Rf7+ Kg8 38. Rf6 Be7 39. Rxg6+ Kh7 40. Rg1 Bxe6 41. Ke2 Bc5 42. Rf1 Be7 43. Ke3 Kg6 44. Ke4 b5 45. Kd4 Kg5 46. Rg1+ Bg4 47. Kd5 Kf4 48. Rf1+ Ke3 49. e6 Bf3+ 50. Ke5 Ke2 51. Rg1 Bg2 52. a4 bxa4 53. Kd4 Kd2 54. Kxc4 Kc2 55. Kb5 0-1

[Event "33rd ECCC Open 2017"]
[Site "Antalya"]
[Date "2017.10.13"]
[Round "6"]
[White "Salihu, Sami"]
[Black "Ronka, Erik"]
[Result "1-0"]
[ECO "B06"]
[WhiteElo "2187"]
[BlackElo "2287"]
[Annotator "NA"]
[PlyCount "71"]
[EventType "team-tourn"]
[EventCountry "TUR"]
[SourceTitle "playchess.com"]
[Source "ChessBase"]
[SourceQuality "1"]
[WhiteTeam "Dardania"]
[BlackTeam "Etela-Vantaan"]
[TimeControl "40/5400+30:1800+30"]

1. d4 g6 2. e4 Bg7 3. Nf3 d6 4. Bc4 Nf6 5. e5 dxe5 6. Nxe5 O-O 7. O-O Nfd7 {[%emt 0:10:30] B06: Moderne Verteidigung} (7... Nbd7 8. c3 c5 9. h3 cxd4 10. cxd4 Nb6 11. Bb3 Nbd5 12. Nc3 Be6 13. Bg5 Nc7 14. Re1 Bd5 15. Nxd5 Nfxd5 {½-½ (35) Fridman,D (2597)-Mista,A (2588) Germany 2016}) 8. f4 c5 9. dxc5 $146 ({Vorgänger:} 9. c3 cxd4 10. cxd4 Nb6 11. Bb3 Nc6 12. Be3 Na5 13. Nc3 Nxb3 14. Qxb3 Be6 15. Qb4 {½-½ (55) Selbes,T (2302)-Kadric,D (2473) Zagreb 2013}) 9... Qc7 10. Nxd7 Nxd7 11. Qe2 Qxc5+ 12. Be3 Qc7 13. c3 Nf6 14. Na3 a6 15. Bd4 b5 16. Bb3 e6 17. Nc2 Bb7 18. Be5 Qb6+ 19. Nd4 b4 20. cxb4 Qxb4 21. Rac1 Rac8 22. Rxc8 Rxc8 23. Nxe6 fxe6 24. Bxe6+ Kf8 25. Bxc8 Bxc8 26. Rc1 Bf5 27. Qxa6 Ne8 28. Qc4 Qd2 29. Qc3 Qd7 30. Bxg7+ Nxg7 31. b4 Nh5 32. Qh8+ Kf7 33. Qe5 $18 ({Don't do} 33. Qxh7+ $6 Ng7 $18) 33... Qa7+ 34. Kh1 Qa8 35. Rc7+ Kg8 36. Qe7 1-0

[Event "33rd ECCC Open 2017"]
[Site "Antalya"]
[Date "2017.10.13"]
[Round "6"]
[White "Jackson, Carl"]
[Black "Bjornsson, Sigurbjorn"]
[Result "0-1"]
[ECO "B40"]
[WhiteElo "2149"]
[BlackElo "2277"]
[Annotator "NA"]
[PlyCount "74"]
[EventType "team-tourn"]
[EventCountry "TUR"]
[SourceTitle "playchess.com"]
[Source "ChessBase"]
[SourceQuality "1"]
[WhiteTeam "Gonzaga"]
[BlackTeam "Fjolnir"]
[TimeControl "40/5400+30:1800+30"]

1. e4 c5 2. Nc3 a6 3. g3 b5 4. Bg2 Bb7 {[%emt 0:00:00] LiveBook: 682 Games} 5. d3 e6 6. Nf3 d6 7. O-O Nf6 8. Re1 Be7 {[%emt 0:12:30] B40: Sicilian: 2...e6, Unusual lines} (8... Nbd7 9. Bf4 Be7 10. a4 b4 11. Nb1 O-O 12. Nbd2 d5 13. exd5 Nxd5 14. Ne5 Ra7 15. Nxd7 Qxd7 16. Be3 Nxe3 17. fxe3 Bxg2 18. Kxg2 {0-1 (34) Safarli,E (2592)-Caruana,F (2652) Reggio Emilia 2010}) 9. e5 dxe5 10. Nxe5 Bxg2 11. Kxg2 O-O 12. Qf3 Ra7 13. Nc6 $146 ({Predecessor:} 13. a4 b4 14. Ne4 Nfd7 15. Nc4 Nc6 16. Bf4 {1-0 (40) Daurimbetov,A (2291)-Tologontegin,S (2379) Almaty 2015}) 13... Nxc6 14. Qxc6 Qc8 15. Qxc8 Rxc8 16. a4 b4 17. Ne4 c4 18. Bg5 cxd3 19. cxd3 Nxe4 20. Bxe7 Nxf2 21. Rac1 $17 Rac7 22. Rxc7 Rxc7 23. Kxf2 Rxe7 24. Rc1 Kf8 25. Rc6 a5 26. Ke3 Ke8 27. Kd4 Rd7+ 28. Kc4 Rd5 29. Rc5 Rxc5+ 30. Kxc5 g5 31. Kd6 f5 32. Ke5 b3 33. d4 Ke7 34. d5 exd5 35. Kxf5 Kd6 36. Kxg5 Ke5 37. Kg4 Ke4 0-1

[Event "33rd ECCC Open 2017"]
[Site "Antalya"]
[Date "2017.10.13"]
[Round "6"]
[White "Halldorsson, Jon Arni"]
[Black "Mercier, Pierre-Adelin"]
[Result "1-0"]
[ECO "E92"]
[WhiteElo "2147"]
[BlackElo "1925"]
[Annotator "NA"]
[PlyCount "83"]
[EventType "team-tourn"]
[EventCountry "TUR"]
[SourceTitle "playchess.com"]
[Source "ChessBase"]
[SourceQuality "1"]
[WhiteTeam "Fjolnir"]
[BlackTeam "Gonzaga"]
[TimeControl "40/5400+30:1800+30"]

1. d4 Nf6 2. Nf3 g6 3. c4 Bg7 4. Nc3 O-O 5. e4 d6 6. Be2 e5 7. dxe5 dxe5 8. Qxd8 Rxd8 9. Bg5 c6 10. Nxe5 Re8 11. Nf3 {[%emt 0:06:30] E92: King's Indian: Classical: 6 Be2 e5: 7 dxe5, 7 Be3 and Petrosian System without 7...Nbd7} (11. O-O-O Na6 12. Rd6 Nh5 13. Nd3 Bf8 14. Rd8 Rxd8 15. Bxd8 Be6 16. Bg5 Bxc4 17. Nf4 Bxe2 18. Nfxe2 Nc5 19. Rd1 Ng7 20. Nd4 Re8 {1-0 (53) Krivonosov,O (2397)-Kollars,D (2514) Riga 2017}) 11... Nxe4 12. Nxe4 Rxe4 13. O-O-O Re8 14. Rd2 h6 $146 ({Predecessor:} 14... Na6 15. Rhd1 Bf5 16. Nh4 Be6 17. Be3 Bf6 18. Nf3 Bf5 {0-1 (40) Fedechkin,V (1995)-Chigaev,M (2151) Kemerovo 2009}) 15. Be3 Na6 16. Rhd1 c5 17. Rd8 Bf5 18. Rxa8 Rxa8 19. Bd3 Bxd3 20. Rxd3 Rc8 21. Rd7 Nc7 22. Bxc5 Ne6 23. Bxa7 $16 b5 24. Kb1 bxc4 25. Kc2 Kf8 26. Rb7 Nf4 27. Rb8 Rxb8 28. Bxb8 Nd3 29. Nd2 Nxb2 30. Bd6+ Kg8 31. f4 c3 32. Nf3 Nc4 33. Bc5 f5 34. Bd4 Bxd4 35. Nxd4 Ne3+ 36. Kxc3 Nxg2 37. a4 Ne3 38. a5 g5 39. Kb4 Nd5+ 40. Kc5 Nxf4 41. a6 Nd3+ 42. Kb5 1-0

[Event "33rd ECCC Open 2017"]
[Site "Antalya"]
[Date "2017.10.13"]
[Round "6"]
[White "Longson, Sarah N"]
[Black "Sahin, Ozgun"]
[Result "0-1"]
[ECO "B27"]
[WhiteElo "2102"]
[BlackElo "2210"]
[Annotator "NA"]
[PlyCount "92"]
[EventType "team-tourn"]
[EventCountry "TUR"]
[SourceTitle "playchess.com"]
[Source "ChessBase"]
[SourceQuality "1"]
[WhiteTeam "3CS Oldham"]
[BlackTeam "Besiktas"]
[TimeControl "40/5400+30:1800+30"]

1. e4 c5 2. Nf3 g6 3. d4 cxd4 4. Qxd4 Nf6 5. Nc3 Nc6 6. Qa4 d6 7. e5 dxe5 8. Nxe5 Qd4 {[%emt 0:00:00] B27: Sizilianisch (Frühes Fianchetto)} (8... Bg7 9. Nxc6 bxc6 10. Qxc6+ Bd7 11. Qa6 O-O 12. Be2 Qc7 13. O-O Ng4 14. g3 Rab8 15. Qa3 Bd4 16. Bxg4 Bxg4 {½-½ (40) Saric,I (2621)-Vocaturo,D (2592) Helsingor 2017}) 9. Nxc6 Qxa4 10. Nxa4 bxc6 11. Be2 Bf5 12. Bf3 Nd5 13. c3 O-O-O $146 ({Vorgänger:} 13... e5 14. O-O Rc8 15. Re1 f6 16. b3 {½-½ (84) Sahl,S (2173)-Martinsen,S (2175) Norway 2017}) 14. O-O f6 15. g4 Bd3 16. Re1 e5 17. g5 Bc2 18. Bd1 Bxd1 19. Rxd1 f5 20. c4 $11 Nf4 21. Rxd8+ Kxd8 22. Be3 Be7 23. Bxa7 Bxg5 24. Bb8 Nd3 25. Rd1 e4 26. Be5 Re8 27. Bd4 Ke7 28. Bb6 Rb8 29. b3 h5 30. Kf1 h4 31. h3 Bf4 32. f3 g5 33. fxe4 fxe4 34. Bc5+ Kf6 35. Bd4+ Kf5 36. Nc5 Rd8 37. Bg1 Bc7 38. Nb7 Ra8 39. Rd2 Bf4 40. Rg2 e3 41. c5 Ke4 42. Nd6+ Kf3 43. Nf5 Rf8 44. Nxe3 Bxe3 45. Bxe3 Kxe3+ 46. Kg1 Nf4 0-1

[Event "33rd ECCC Open 2017"]
[Site "Antalya"]
[Date "2017.10.13"]
[Round "6"]
[White "Barrett, Stephen J"]
[Black "Baliasnyj, Timur"]
[Result "0-1"]
[ECO "A58"]
[WhiteElo "2101"]
[BlackElo "2218"]
[Annotator "NA"]
[PlyCount "110"]
[EventType "team-tourn"]
[EventCountry "TUR"]
[SourceTitle "playchess.com"]
[Source "ChessBase"]
[SourceQuality "1"]
[WhiteTeam "White Rose"]
[BlackTeam "MAKABI"]
[TimeControl "40/5400+30:1800+30"]

1. d4 Nf6 2. c4 c5 3. d5 b5 4. cxb5 a6 5. bxa6 Bxa6 6. Nc3 d6 7. f4 g6 8. Nf3 Bg7 9. e4 Bxf1 10. Rxf1 O-O 11. Kf2 e6 {[%emt 0:10:30] A58: Benko/Volga Gambit: Lines with 5 bxa6} 12. dxe6 fxe6 13. Kg1 $146 ({Predecessor:} 13. Ng5 Qd7 14. Kg1 d5 15. e5 Ne8 16. b3 Nc7 17. Na4 Qe7 18. Ba3 Nd7 19. Rc1 Bxe5 20. Nxe6 Nxe6 21. fxe5 {0-1 (34) Sobh,A (2160)-Hassan,S (2336) Cairo 2014}) 13... Nc6 14. h3 Rb8 15. Rf2 Nh5 16. Be3 Nxf4 17. Qd2 Nh5 18. Rd1 Ne5 19. Qxd6 Qxd6 20. Rxd6 Nc4 21. Bxc5 Rfc8 22. Rxe6 Rxc5 23. Nd5 Bxb2 24. g4 Ng7 25. Rc6 Rxc6 26. Ne7+ Kh8 27. Nxc6 Rf8 28. Ng5 Rxf2 29. Kxf2 Bc1 30. Nf3 Ne6 31. h4 Kg7 32. g5 Bf4 33. Ne1 Nc5 34. Kf3 Bc7 35. Nc2 Nd2+ 36. Ke3 Ndxe4 37. N2d4 Nc3 38. Nb4 Ba5 39. Ndc6 Bc7 40. Kf3 Nd7 41. Kg4 Ne5+ 42. Nxe5 Bxe5 43. h5 Bd6 44. Nd3 Nxa2 45. Ne1 Nb4 46. hxg6 hxg6 47. Kf3 Nc6 48. Ke4 Ne7 49. Nf3 Nf5 50. Kd5 Bg3 51. Ke4 Kf7 $19 52. Nd2 Ke6 53. Nf3 Nd6+ 54. Kd4 Kf5 55. Kd5 Kg4 0-1

[Event "33rd ECCC Open 2017"]
[Site "Antalya"]
[Date "2017.10.13"]
[Round "6"]
[White "McHugh, Kevin"]
[Black "Thorarinsson, Pall A"]
[Result "1/2-1/2"]
[ECO "B08"]
[WhiteElo "2084"]
[BlackElo "2273"]
[Annotator "NA"]
[PlyCount "83"]
[EventType "team-tourn"]
[EventCountry "TUR"]
[SourceTitle "playchess.com"]
[Source "ChessBase"]
[SourceQuality "1"]
[WhiteTeam "Benildus"]
[BlackTeam "Viking"]
[TimeControl "40/5400+30:1800+30"]

1. e4 g6 2. d4 Bg7 3. Nf3 d6 4. h3 Nf6 5. Nc3 O-O 6. Bd3 Na6 {[%emt 0:03:30] B08: Pirc Defence: Classical System} (6... Nc6 7. O-O e5 8. dxe5 Nxe5 9. Nxe5 dxe5 10. Bc4 Qe7 11. Bg5 c6 12. Qf3 h6 13. Bh4 Be6 14. Bxf6 Bxf6 15. Bxe6 Qxe6 16. Rfd1 h5 17. Rd3 Rfd8 {½-½ (42) Gaehwiler,G (2416)-Sergeev,V (2443) Marianske Lazne 2017}) 7. O-O c5 8. Bxa6 cxd4 9. Nxd4 bxa6 10. Be3 Bb7 11. f3 $146 ({Predecessor:} 11. Qd3 Qc7 12. Rad1 Rac8 13. Bg5 Qc5 14. Be3 Qb4 15. Rb1 {0-1 (27) Valentin,D (2019)-Poisson,O (2162) France 2007}) 11... Nd7 12. Qd2 Ne5 13. b3 Re8 14. Rad1 Rc8 15. Nce2 Qc7 16. c4 e6 17. Rc1 Qb8 18. Nc3 Rc7 19. Rfd1 Ba8 20. Nde2 Bf8 21. Nf4 f5 22. exf5 gxf5 23. Qf2 Rg7 24. Kh1 Ng6 25. Nxg6 hxg6 {[%emt 0:00:00] [#]} 26. Bh6 $16 Rh7 27. Bxf8 Kxf8 28. Qg3 Ke7 29. Rd3 Kf6 30. Rxd6 g5 31. Rcd1 g4 32. fxg4 Rxh3+ 33. Qxh3 Rh8 34. Qxh8+ Qxh8+ 35. Kg1 Qh6 36. Re1 Qf4 37. Rexe6+ Kf7 38. Nd5 Bxd5 39. cxd5 Qc1+ 40. Kf2 Qd2+ 41. Kf3 fxg4+ 42. Kg3 1/2-1/2

[Event "33rd ECCC Open 2017"]
[Site "Antalya"]
[Date "2017.10.14"]
[Round "6"]
[White "Millward, Kevin P"]
[Black "Manojlovic, Mihailo"]
[Result "0-1"]
[ECO "A48"]
[WhiteElo "2049"]
[BlackElo "1982"]
[Annotator "NA"]
[PlyCount "216"]
[EventType "team-tourn"]
[EventCountry "TUR"]
[SourceTitle "playchess.com"]
[Source "ChessBase"]
[SourceQuality "1"]
[WhiteTeam "Viking"]
[BlackTeam "Benildus"]
[TimeControl "40/5400+30:1800+30"]

1. d4 Nf6 2. Bf4 g6 3. Nf3 Bg7 4. e3 d6 5. Be2 c6 6. O-O O-O 7. h3 Qb6 {A48: 1 d4 Nf6 2 Nf3 g6: Torre, London and Colle Systems} (7... Nbd7 8. c4 Ne8 9. Nc3 Nc7 10. Bh2 b6 11. b4 Bb7 12. Qb3 e5 13. c5 exd4 14. cxd6 dxc3 15. dxc7 Qe7 16. Rac1 {½-½ (43) Grachev,B (2654)-Movsesian,S (2721) Moscow 2010}) 8. Nbd2 Nbd7 9. c3 Re8 10. Bh2 Qc7 11. a4 b6 12. Qb3 $146 ({Predecessor:} 12. a5 Bb7 13. b4 {1-0 (32) Zadymov,I (2089)-Nadstoga,W (1926) Poznan 2017}) 12... h6 13. Bc4 e6 14. Rad1 Bb7 15. Bd3 c5 16. Rfe1 Rac8 17. Qa2 Nb8 18. dxc5 Qxc5 19. Nb3 Qc7 20. Bb5 Red8 21. Be2 Nc6 22. Nbd4 Nxd4 23. Nxd4 a6 24. Bf3 Bxf3 25. Nxf3 Ne4 26. Nd2 Nc5 27. Nc4 Nb7 28. Nd2 Qc6 29. Nf3 Nc5 30. a5 bxa5 31. Qxa5 Rb8 32. Re2 Rb5 33. Qa2 d5 34. c4 Rb7 35. Red2 Rbd7 36. b4 Ne4 37. cxd5 Rxd5 38. Rxd5 exd5 39. Qb3 Nc3 40. Rd2 Nb5 41. Ne5 Qe6 42. Nd3 Nc3 43. Nc5 {[#]} Qf6 (43... Qe7 $1 $17 44. Nd3 (44. Nxa6 d4 $17) 44... d4 45. exd4 Bxd4) 44. Bc7 Re8 45. Kh2 h5 46. Na4 Qc6 47. Bf4 Qxa4 48. Qxa4 Nxa4 49. Rxd5 Bf8 50. Ra5 Nc3 51. Rxa6 Bxb4 52. Rc6 Nd5 53. Bg3 Re6 54. Rc8+ Kg7 55. Rd8 Nf6 56. Bf4 Ne4 57. f3 Nf6 58. e4 Bc3 59. Bg5 Be5+ 60. Kg1 (60. g3 {was forced.}) 60... Bg3 61. Kf1 Ra6 62. Ke2 Ra2+ 63. Ke3 Rxg2 64. f4 h4 65. e5 Nh5 66. Rd7 Rg1 67. Kf3 Rf1+ 68. Ke2 Re1+ 69. Kf3 Rf1+ 70. Ke2 Rf2+ 71. Ke3 Nxf4 72. Bf6+ Kh6 73. Rxf7 Nd5+ 74. Ke4 Nxf6+ 75. exf6 Kg5 76. Rb7 Rxf6 77. Rb5+ Rf5 78. Rb1 Re5+ 79. Kf3 Re1 80. Rb5+ Kh6 81. Rb4 Rf1+ 82. Kg4 Rf5 83. Rc4 Rg5+ 84. Kf3 Kh5 85. Rc2 Rf5+ 86. Kg2 Kg5 87. Kg1 Rf2 88. Rc5+ Kh6 89. Rc8 Rh2 90. Rc5 Rxh3 91. Kg2 Rh2+ 92. Kf3 Rf2+ 93. Kg4 Rf4+ 94. Kh3 g5 95. Rd5 g4+ 96. Kg2 Rf2+ 97. Kg1 Re2 98. Rb5 h3 99. Rb6+ Kh5 100. Rb5+ Kh4 101. Rb1 Re1+ 102. Rxe1 Bxe1 103. Kh2 Bc3 104. Kg1 g3 105. Kh1 g2+ 106. Kh2 Be5+ 107. Kg1 Bd4+ 108. Kh2 g1=Q# 0-1

[Event "33rd ECCC Open 2017"]
[Site "Antalya"]
[Date "2017.10.13"]
[Round "6"]
[White "Fox, Anthony"]
[Black "Georgakopoulos, Nikolaos K"]
[Result "0-1"]
[ECO "B26"]
[WhiteElo "2016"]
[BlackElo "2086"]
[Annotator "NA"]
[PlyCount "104"]
[EventType "team-tourn"]
[EventCountry "TUR"]
[SourceTitle "playchess.com"]
[Source "ChessBase"]
[SourceQuality "1"]
[WhiteTeam "Adare"]
[BlackTeam "Chania"]
[TimeControl "40/5400+30:1800+30"]

1. e4 c5 2. Nc3 Nc6 3. g3 g6 4. Bg2 Bg7 5. d3 d6 {[%emt 0:00:00] LiveBook: 4442 Partien} 6. Nge2 e6 7. O-O Nge7 8. Bg5 O-O 9. Qd2 Rb8 10. Bh6 Nd4 11. Bxg7 Kxg7 12. Nxd4 cxd4 13. Ne2 {[%emt 0:00:30] B26: Closed Sicilian: 3 g3, lines with early Be3} e5 14. c3 dxc3 15. bxc3 Be6 16. f4 f6 17. Rab1 $146 ({Predecessor:} 17. Rf2 Qa5 18. h4 Bg4 19. Bf3 Bxf3 20. Rxf3 {0-1 (52) Pihlajasalo,A (2441)-Barbosa,O (2435) ICC INT 2009}) 17... Qa5 18. Rb2 b6 19. h3 $15 Rbc8 20. g4 Bg8 21. Qe3 Nc6 22. f5 g5 23. Rfb1 Rfd8 24. c4 Qa3 25. Kf2 Na5 26. Rc2 Nb7 27. Rb3 Qa6 28. Nc3 Nc5 29. Rbb2 Bf7 30. Bf3 h6 31. Kg3 Qa3 32. Kf2 Be8 33. Be2 Bc6 34. Nb1 Qa6 35. Nc3 Qb7 36. Nd5 Na4 37. Rb1 Bxd5 38. exd5 Nc5 39. Bf3 Qd7 40. Rb5 Re8 41. Be4 Nxe4+ 42. Qxe4 Qxb5 43. cxb5 Rxc2+ 44. Ke3 Rec8 45. Qb4 R2c5 46. Ke4 Kf7 47. a4 Ke7 48. h4 Rc1 49. hxg5 hxg5 50. Qb2 R8c2 51. Qb3 Rf2 52. Ke3 Rcc2 0-1

[Event "33rd ECCC Open 2017"]
[Site "Antalya"]
[Date "2017.10.13"]
[Round "6"]
[White "Mahmuti, Ajet"]
[Black "Vihinen, Teemu"]
[Result "0-1"]
[ECO "C03"]
[WhiteElo "1981"]
[BlackElo "2164"]
[Annotator "NA"]
[PlyCount "64"]
[EventType "team-tourn"]
[EventCountry "TUR"]
[SourceTitle "playchess.com"]
[Source "ChessBase"]
[SourceQuality "1"]
[WhiteTeam "Dardania"]
[BlackTeam "Etela-Vantaan"]
[TimeControl "40/5400+30:1800+30"]

1. e4 e6 2. d4 d5 3. Nd2 h6 4. Ngf3 Nf6 5. e5 Nfd7 6. c3 c5 7. Bd3 Nc6 8. O-O g5 9. Bb5 cxd4 10. Nxd4 Qb6 11. Bxc6 $17 (11. N2b3 $1 $14 {stays ahead.}) 11... bxc6 12. Re1 Bg7 13. f4 c5 14. N4b3 a5 15. a4 Rb8 16. Ra3 Ba6 17. Na1 Bd3 18. Rb3 Qa7 19. Rxb8+ Nxb8 20. fxg5 c4+ 21. Kh1 hxg5 22. Nf3 g4 23. Nd4 g3 24. h3 Be4 25. Qg4 Bxe5 26. Be3 Qd7 27. Bf4 Bxd4 28. cxd4 Nc6 29. Bxg3 f5 30. Qg6+ Qf7 31. Qxf7+ Kxf7 32. Kh2 Rg8 0-1